 Dungeon Crawl Stone Soup version 0.27-a0-1502-g47ed6a6988 (webtiles) character file.

Game seed: 14912703252856913479

242078 dolemite99 the Fighter (level 19, -23/149 HPs)
             Began as a Demonspawn Gladiator on July 8, 2021.
             Was a High Priest of Okawaru.
             Killed from afar by an ironbound frostheart (29 damage)
             ... by creeping frost
             ... on level 2 of the Vaults.
             The game lasted 01:57:28 (59641 turns).

dolemite99 the Fighter (Demonspawn Gladiator)      Turns: 59641, Time: 01:57:28

Health: -23/149    AC: 24    Str: 22    XL:     19   Next: 9%
Magic:  0/26       EV: 17    Int: 22    God:    Okawaru [*****.]
Gold:   349        SH: 18    Dex: 21    Spells: 2/28 levels left

rFire    + . .     SeeInvis +   b - +10 falchion "Unuzan" {venom, rElec Str+7}
rCold    + . .     Faith    .   X - +3 warlock's mirror {reflect}
rNeg     . . .     Spirit   +   K - +6 chain mail of Absence {Int+4 Dex+3}
rPois    +         Reflect  +   (helmet unavailable)
rElec    +         Harm     .   v - scarf {rC+ rF+}
rCorr    .         Rampage  .   (no gloves)
Will     ++...                  t - +2 pair of boots
Stlth    +.........             z - amulet of guardian spirit
HPRegen  0.34/turn              l - +6 ring of intelligence {=R}
MPRegen  0.20/turn              Z - ring "Zargha" {rElec rPois Str-2 SInv}

@: about to teleport, heroic, finesse-ful, frozen, very slow
A: horns 3, large bone plates 3, powered by pain 2, spiny 1, torment resistance
1, demonic willpower
}: 1/15 runes: gossamer
a: Renounce Religion, Heroism, Finesse


You were on level 2 of the Vaults.
You worshipped Okawaru.
Okawaru was extremely pleased with you.
You visited 6 branches of the dungeon, and saw 32 of its levels.

You collected 3417 gold pieces.
You spent 3068 gold pieces at shops.

Inventory:

Hand Weapons
 b - the +10 falchion "Unuzan" (weapon) {venom, rElec Str+7}
   (Okawaru gifted it to you on level 2 of the Lair of Beasts)

   It poisons the flesh of those it strikes.
   Str:       It affects your strength (+7).
   rElec:     It insulates you from electricity.
 f - a +5 dagger of draining
 D - a +2 scimitar of flaming
Missiles
 n - 95 boomerangs
 o - 5 throwing nets
 r - 8 datura-tipped darts
 A - 44 poisoned darts
 I - 11 silver javelins (quivered)
 R - 10 silver boomerangs
 S - 39 atropa-tipped darts
 T - 19 javelins
 U - 7 curare-tipped darts
Armour
 t - a +2 pair of boots (worn)
 v - a scarf of resistance (worn)
 K - the +6 chain mail of Absence (worn) {Int+4 Dex+3}
   (You bought it in a shop on level 2 of the Orcish Mines)

   Int:       It affects your intelligence (+4).
   Dex:       It affects your dexterity (+3).
 V - the +10 plate armour "Qiasec" {rCorr SInv Stlth-}
   (You found it on level 4 of the Spider Nest)

   SInv:      It lets you see invisible.
   rCorr:     It protects you from acid and corrosion.
   Stlth:     It makes you less stealthy.
 X - the +3 warlock's mirror (worn) {reflect}
   (You found it on level 4 of the Lair of Beasts)
Magical Staves
 a - a staff of poison
Jewellery
 i - an amulet of magic regeneration
 j - a ring of see invisible
 l - a +6 ring of intelligence (left hand) {=R}
 m - a ring of ice
 x - a +4 ring of evasion
 z - an amulet of guardian spirit (around neck)
 C - a ring of resist corrosion
 O - a +6 ring of strength
 Q - a ring of willpower
 Z - the ring "Zargha" (right hand) {rElec rPois Str-2 SInv}
   (You bought it in a shop on level 2 of the Shoals)

   [ring of see invisible]

   Str:       It affects your strength (-2).
   rElec:     It insulates you from electricity.
   rPois:     It protects you from poison.
   SInv:      It lets you see invisible.
Wands
 k - a wand of flame (68)
 B - a wand of polymorph (20)
Scrolls
 c - 3 scrolls of magic mapping
 d - 4 scrolls of identify {@r1}
 y - 2 scrolls of teleportation
 J - 3 scrolls of enchant armour
 P - 4 scrolls of enchant weapon
Potions
 e - 3 potions of ambrosia
 g - a potion of cancellation
 h - a potion of haste
 p - 6 potions of curing
 u - 2 potions of resistance
 w - a potion of brilliance
 E - a potion of might
 F - 5 potions of berserk rage
 M - a potion of attraction
 N - 5 potions of lignification
 W - a potion of flight
Miscellaneous
 Y - a box of beasts (inert)


   Skills:
 - Level 13.3(18.3) Fighting
 - Level 9.8(16.4) Short Blades
 + Level 9.8(16.4) Long Blades
 - Level 12.8(17.8) Throwing
 - Level 12.3(17.3) Armour
 - Level 9.0(14.0) Dodging
 - Level 3.0(8.0) Stealth
 - Level 4.0(9.0) Shields
 - Level 5.1 Spellcasting
 - Level 7.6 Conjurations
 - Level 11.8 Hexes
 - Level 6.0 Fire Magic
 - Level 5.0 Air Magic
 - Level 7.2 Poison Magic
 - Level 6.1 Invocations
 - Level 7.2 Evocations


You had 2 spell levels left.
You knew the following spells:

 Your Spells              Type           Power      Damage    Failure   Level
a - Corona                Hex            61%        N/A       1%          1
b - Dazzling Flash        Conj/Hex       96%        N/A       2%          3
c - Tukima's Dance        Hex            55%        N/A       1%          3
d - Mephitic Cloud        Conj/Pois/Air  34%        N/A       8%          3
e - Passwall              Tmut/Erth      4%         N/A       52%         2
f - Inner Flame           Hex/Fire       44%        N/A       3%          3
g - Passage of Golubria   Tloc           N/A        N/A       99%         4
h - Swiftness             Air            27%        N/A       16%         3
i - Ensorcelled Hibernat  Hex/Ice        62%        N/A       5%          2
j - Blink                 Tloc           N/A        N/A       52%         2

Your spell library contained the following spells:

 Spells                   Type           Power      Damage    Failure   Level
 Magic Dart               Conj           100%       1d8       1%          1
 Foxfire                  Conj/Fire      100%       2x1d9     2%          1
 Searing Ray              Conj           78%        3d6       2%          2
 Corpse Rot               Necr/Air       N/A        N/A       22%         2
 Freeze                   Ice            20%        1d4       38%         1
 Sublimation of Blood     Necr           2%         N/A       52%         2
 Wereblood                Tmut           5%         N/A       52%         2
 Cause Fear               Hex            27%        N/A       3%          4
 Conjure Flame            Conj/Fire      35%        6-21      8%          3
 Fulminant Prism          Conj/Hex       24%        3d13      8%          4
 Ignite Poison            Fire/Tmut/Pois 25%        N/A       21%         3
 Sticky Flame             Conj/Fire      35%        2d5       24%         4
 Silence                  Hex/Air        21%        N/A       34%         5
 Invisibility             Hex            27%        N/A       43%         6
 Hailstorm                Conj/Ice       22%        3d7       63%         4
 Iskenderun's Mystic Bla  Conj/Tloc      22%        2d6       63%         4
 Yara's Violent Unravell  Hex/Tmut       15%        3d8       69%         5
 Frozen Ramparts          Ice            10%        1d3       77%         3
 Lesser Beckoning         Tloc           2%         N/A       77%         3
 Bolt of Magma            Conj/Fire/Erth 12%        4d8       86%         5
 Animate Armour           Summ/Erth      10%        N/A       99%         4
 Animate Dead             Necr           2%         N/A       99%         4
 Dispel Undead            Necr           5%         3d7       99%         4
 Ice Form                 Ice/Tmut       5%         N/A       99%         4
 Summon Ice Beast         Ice/Summ       5%         N/A       99%         4
 Agony                    Necr           5%         N/A       100%        5
 Blade Hands              Tmut           2%         N/A       100%        5
 Borgnjor's Vile Clutch   Necr/Erth      2%         N/A       100%        5
 Lee's Rapid Deconstruct  Erth           2%         3d6*      100%        5
 Manifold Assault         Tloc           5%         N/A       100%        5
 Death Channel            Necr           2%         N/A       100%        6
 Iron Shot                Conj/Erth      11%        9d3       100%        6
 Dragon Form              Tmut           2%         N/A       100%        7
 Summon Hydra             Summ           2%         N/A       100%        7
 Dragon's Call            Summ           2%         N/A       100%        9


Dungeon Overview and Level Annotations

Branches:
Dungeon (15/15)            Temple (0/1) D:5            Lair (6/6) D:10
 Shoals (3/4) Lair:2       Spider (4/4) Lair:3        Slime (0/5) Lair:6
    Orc (2/2) D:9             Elf (0/3) Orc:2        Vaults (2/5) D:13
 Depths (0/5) D:15
  Crypt: Vaults:2-3

Altars:
Ashenzari
Cheibriados
Dithmenos
Elyvilon
Kikubaaqudgha
Okawaru
Qazlal
Ru
Trog
Vehumet
Yredelemnul
Beogh
Jiyva

Shops:
D:5 !   D:14 :   Orc:2 [![[   Shoals:2 [(**   Vaults:1 :

Portals:
Trove: D:15 (show abyssal rune of Zot)

Annotations:
Lair:4 2 transporters
Lair:5 exclusions: 2 downstairs and 4 more exclusions
Lair:6 2 transporters, atabob's ghost, journeyman HOMo
Shoals:1 3 runed translucent doors, exclusion: downstairs, Goiruwuw's ghost, adept MiGl
Shoals:2 3 runed translucent doors, Todgh's ghost, adept GrFi
Spider:2 Roxanne


Innate Abilities, Weirdness & Mutations

You have a pair of large horns on your head.
You are completely covered in large bone plates. (SH +8)
You sometimes gain power by taking damage.
You are partially covered in sharp spines.
You are resistant to unholy torment.
You punish those that try to bend your will. (Will+)


Message History

You gain the combat prowess of a mighty hero.
The ice encasing you melts away.
The ironbound frostheart calls freezing cold from the walls.
The frost grips you! You partially resist.
You are encased in ice.
You can now deal lightning-fast blows.
The vault guard hits you but does no damage.
The ironbound frostheart calls freezing cold from the walls.
The frost grips you! You partially resist.
* * * LOW HITPOINT WARNING * * *
The yaktaur shoots a bolt.
You reflect the bolt off your +3 warlock's mirror {reflect}!
The bolt hits the yaktaur!
You kill the yaktaur!
Okawaru accepts your kill.
The ironbound frostheart calls freezing cold from the walls.
The frost grips you! You partially resist.
* * * LOW HITPOINT WARNING * * *
The ironbound frostheart calls freezing cold from the walls.
The frost grips you! You partially resist.
* * * LOW HITPOINT WARNING * * *
You block the vault guard's attack.
Okay, then.
As you read the scroll of teleportation, it crumbles to dust.
You feel strangely unstable. The ice encasing you melts away.
The ironbound frostheart calls freezing cold from the walls.
The frost grips you!! You partially resist.
* * * LOW HITPOINT WARNING * * *
You focus on the pain.
You feel your power returning.
You are encased in ice.
You block the vault guard's attack. The deep troll bites you!!
* * * LOW HITPOINT WARNING * * *
You block the deep troll's attack. x2
You feel better.
The wizard gestures wildly while chanting.
The wizard blinks!
The ironbound frostheart calls freezing cold from the walls.
The frost grips you!! You partially resist.
You die...

#...#....#......
###.#.)..####### ..#....#
..#....# #.†..# #....# #....#
######################....#####
........ppp..Ypp@..............
..(....p.§.p..)T...............
######################....#####
#....# #....# #....# #....#
#....#


You could see a dire elephant, an ironbound preserver, 2 vault guards, 2
ironbound frosthearts and a deep troll.

Vanquished Creatures
  Margery (Vaults:2)
  Arachne (Spider:2)
  Jorgrun (Spider:1)
  A sphinx (Vaults:1)
  A tengu reaver (Vaults:2)
  Agnes (Spider:1)
  Donald (Spider:4)
  Ilsuiw (Shoals:3)
  3 vault wardens
  3 ghost moths (Spider:4)
  4 emperor scorpions (Spider:4)
  6 ironbound preservers
  6 very ugly things
  4 entropy weavers
  The ghost of Dootley the Carver, a journeyman FoFi of Dithmenos (Orc:1)
  Azrael (Orc:2)
  6 spark wasps
  A deep elf death mage (Vaults:1)
  A fire dragon (D:14)
  2 ettins
  2 merfolk impalers
  6 yaktaur captains
  Josephine (Lair:6)
  Fannar (D:10)
  A great orb of eyes (Vaults:1)
  A deep elf high priest (Vaults:2)
  3 ironbound thunderhulks
  4 boulder beetles
  A peacekeeper (Vaults:1)
  9 hydras
  An ironbound frostheart (Vaults:1)
  5 centaur warriors
  An ogre mage (D:15)
  3 vault guards (D:13)
  A merfolk avatar (Shoals:1)
  4 two-headed ogres
  4 catoblepae
  A merfolk aquamancer (Shoals:2)
  3 satyrs
  20 death yaks
  3 orc high priests
  2 tengu warriors (D:14)
  An ironbound beastmaster (Vaults:1)
  A hell knight (Vaults:2)
  A deep troll (shapeshifter) (D:15)
  A glowing orange brain (Vaults:2)
  4 sea snakes
  24 deep trolls
  2 lindwurms
  A phantasmal warrior (Vaults:1)
  4 orc knights
  6 ironbound convokers
  4 deep elf pyromancers
  21 harpies
  5 wizards
  4 necromancers
  23 ugly things
  8 cyclopes
  7 orc sorcerers
  25 wolf spiders
  12 orb spiders
  8 merfolk sirens
  2 sphinx skeletons (Vaults:1)
  18 fauns
  9 manticores
  A moth of wrath (Spider:4)
  2 water nymphs (Shoals:2)
  4 black mambas
  7 vault sentinels
  6 elephants (Lair:4)
  2 torpor snails
  5 cane toads
  3 gargoyles (D:13)
  3 rime drakes
  A yaktaur zombie (Vaults:1)
  A freezing wraith (Vaults:2)
  18 yaktaurs
  7 demonic crawlers
  3 kobold demonologists
  A tengu conjurer (D:13)
  14 komodo dragons
  6 trolls
  A troll (shapeshifter) (D:13)
  31 jumping spiders
  5 polar bears
  18 merfolk
  A wind drake (Shoals:1)
  7 hornets
  A dancing weapon (Shoals:2)
  14 blink frogs
  13 slime creatures
  8 snapping turtles
  11 dream sheep
  Sigmund (D:2)
  A stone giant simulacrum (Vaults:2)
  A centaur simulacrum (D:14)
  4 wyverns
  A vampire (D:14)
  59 redbacks
  21 tarantellas
  4 water elementals
  39 yaks
  7 wraiths
  2 fire elementals (Orc:2)
  3 basilisks
  2 steam dragons
  A redback simulacrum (D:10)
  10 vampire mosquitoes
  6 wargs
  2 acid dragons
  11 water moccasins
  6 hell hounds (Orc:2)
  Duvessa (D:4)
  27 orc warriors
  A sky beast (D:7)
  11 ogres
  A black bear (Lair:1)
  2 hornet zombies
  An ice beast (D:5)
  3 necrophages
  16 wolves
  17 centaurs
  2 phantoms (D:9)
  4 kobold brigands
  10 bullfrogs
  A wyvern zombie (D:7)
  3 scorpions
  A human skeleton (Vaults:1)
  Dowan (D:4)
  2 troll zombies (D:9)
  11 killer bees
  4 wights (D:9)
  7 electric eels
  2 centaur zombies
  A jelly (D:7)
  23 orc priests
  A gnoll shaman (D:9)
  A centaur skeleton (D:7)
  A hound (D:6)
  An iron imp (D:10)
  Ijyb (D:3)
  Terence (D:2)
  3 iguanas (D:5)
  Natasha (thrice) (D:4)
  34 orc wizards
  6 ogre zombies (D:9)
  7 gnolls
  7 adders
  A shadow imp (D:7)
  2 white imps
  3 ufetubi
  A worm (D:3)
  65 orcs
  4 ball pythons
  2 bats
  6 endoplasms
  3 giant cockroaches
  7 goblins
  4 hobgoblins (D:1)
  3 jackals (D:2)
  24 kobolds
  7 quokkas
  4 frilled lizards
  A goblin skeleton (D:9)
  A goblin zombie (D:9)
  A hobgoblin skeleton (D:9)
  7 hobgoblin zombies (D:9)
  3 orc skeletons (D:9)
  12 orc zombies (D:9)
  4 rats (D:1)
1072 creatures vanquished.

Vanquished Creatures (collateral kills)
  2 vault wardens
  A war gargoyle (Vaults:1)
  2 ironbound preservers
  2 hell knights (Vaults:2)
  2 two-headed ogres (D:15)
  A sea snake (Shoals:2)
  A wolf spider (Spider:4)
  A wizard (Vaults:1)
  An orb spider (Spider:4)
  4 ugly things
  A vault sentinel (Vaults:1)
  A merfolk siren (Shoals:3)
  A yaktaur (Vaults:1)
  A demonic crawler (Spider:4)
  5 merfolk
  2 redbacks
  2 ogres (D:15)
30 creatures vanquished.

Vanquished Creatures (others)
  An ironbound convoker (Vaults:1)
  2 manticores (D:15)
  A tengu conjurer (D:13)
  A demonic crawler (Spider:1)
  9 dancing weapons
  An orc (Orc:2)
  48 fungi
  164 plants
  4 tentacles (Shoals:2)
231 creatures vanquished.

Grand Total: 1333 creatures vanquished

Notes
Turn   | Place    | Note
-------+----------+-------------------------------------------
     0 | D:1      | dolemite99 the Demonspawn Gladiator began the quest for the
                  | Orb.
     0 | D:1      | Reached XP level 1. HP: 16/16 MP: 1/1
   371 | D:1      | Gained mutation: You sometimes gain a little power by
                  | taking damage. [demonic ancestry]
   371 | D:1      | Reached XP level 2. HP: 18/22 MP: 2/2
   595 | D:1      | Found a faded altar of an unknown god.
   618 | D:1      | Became a worshipper of Warmaster Okawaru
   618 | D:1      | Reached * piety under Okawaru
  1093 | D:2      | Gained mutation: You have a pair of small horns on your
                  | head. [demonic ancestry]
  1093 | D:2      | Reached XP level 3. HP: 20/27 MP: 3/3
  1210 | D:2      | Reached skill level 1 in Invocations
  1453 | D:2      | Noticed Sigmund
  1466 | D:2      | Killed Sigmund
  1467 | D:2      | Gained mutation: You are partially covered in large bone
                  | plates. (SH +4) [demonic ancestry]
  1467 | D:2      | Reached XP level 4. HP: 11/33 MP: 1/7
  1467 | D:2      | Gained mutation: You have a pair of horns on your head.
                  | [demonic ancestry]
  1467 | D:2      | Reached XP level 5. HP: 13/38 MP: 1/8
  1672 | D:2      | Noticed Terence
  1684 | D:2      | Killed Terence
  1685 | D:2      | Reached skill level 5 in Short Blades
  2324 | D:3      | Reached XP level 6. HP: 41/41 MP: 7/9
  2374 | D:3      | Found a bloodstained altar of Trog.
  2468 | D:3      | Found a basalt altar of Yredelemnul.
  2523 | D:3      | Noticed Ijyb
  2532 | D:3      | Killed Ijyb
  3304 | D:4      | Noticed Dowan
  3304 | D:4      | Noticed Duvessa
  3323 | D:4      | Killed Duvessa
  3365 | D:4      | Killed Dowan
  3673 | D:4      | Noticed Natasha
  3691 | D:4      | Killed Natasha
  3734 | D:4      | Noticed Natasha
  3742 | D:4      | Killed Natasha
  3743 | D:4      | Reached XP level 7. HP: 49/50 MP: 7/10
  3875 | D:4      | Reached ** piety under Okawaru
  3971 | D:4      | Noticed Natasha
  3988 | D:4      | Killed Natasha
  4341 | D:4      | Noticed a wyvern
  4353 | D:4      | Killed a wyvern
  4467 | D:5      | Entered Level 5 of the Dungeon
  5055 | D:5      | Gained mutation: You have a pair of large horns on your
                  | head. [demonic ancestry]
  5055 | D:5      | Reached XP level 8. HP: 49/55 MP: 8/11
  5078 | D:5      | Learned a level 1 spell: Corona
  5081 | D:5      | Learned a level 2 spell: Passwall
  5085 | D:5      | Learned a level 3 spell: Mephitic Cloud
  5262 | D:5      | Noticed a two-headed ogre
  5279 | D:5      | Killed a two-headed ogre
  5279 | D:5      | Reached *** piety under Okawaru
  5785 | D:5      | Reached skill level 3 in Fighting
  5911 | D:5      | Found a staircase to the Ecumenical Temple.
  6183 | D:5      | Found Rienamov's Distillery.
  6186 | D:5      | Bought a potion of heal wounds for 65 gold pieces
  6186 | D:5      | Bought a potion of might for 52 gold pieces
  6290 | D:6      | Reached XP level 9. HP: 53/64 MP: 12/12
  6368 | D:6      | Reached skill level 1 in Armour
  7237 | D:5      | Bought a potion of might for 52 gold pieces
  7430 | D:6      | Found an ancient bone altar of Kikubaaqudgha.
  7437 | D:6      | Found a stormy altar of Qazlal.
  7444 | D:6      | Found a shadowy altar of Dithmenos.
  7660 | D:7      | Reached skill level 1 in Shields
  7800 | D:7      | Found a broken altar of Ashenzari.
  7894 | D:7      | Reached **** piety under Okawaru
  8221 | D:7      | Reached skill level 5 in Invocations
  9315 | D:8      | Noticed a troll
  9334 | D:8      | Killed a troll
  9422 | D:8      | Reached skill level 5 in Evocations
  9737 | D:5      | Bought a potion of heal wounds for 65 gold pieces
  9737 | D:5      | Bought a potion of heal wounds for 65 gold pieces
  9737 | D:5      | Bought a potion of haste for 130 gold pieces
 10006 | D:9      | Gained mutation: You are mostly covered in large bone
                  | plates. (SH +6) [demonic ancestry]
 10006 | D:9      | Reached XP level 10. HP: 62/68 MP: 11/14
 10154 | D:9      | Reached skill level 4 in Fighting
 10649 | D:9      | Found a staircase to the Orcish Mines.
 10937 | D:9      | Received a gift from Okawaru
 10945 | D:9      | Reached skill level 5 in Throwing
 11395 | D:10     | Entered Level 10 of the Dungeon
 11469 | D:10     | Learned a level 3 spell: Conjure Flame
 12103 | D:10     | Reached skill level 1 in Hexes
 12214 | D:10     | Found a staircase to the Lair.
 12324 | D:10     | Found a radiant altar of Vehumet.
 12332 | D:10     | Found a sacrificial altar of Ru.
 12870 | D:10     | Reached skill level 5 in Hexes
 12878 | D:10     | Found a snail-covered altar of Cheibriados.
 13076 | D:5      | Bought a potion of lignification for 39 gold pieces
 13076 | D:5      | Bought a potion of lignification for 39 gold pieces
 13190 | D:11     | Noticed a six-headed hydra
 13202 | D:11     | Killed a six-headed hydra
 13297 | D:11     | Noticed a centaur warrior
 13315 | D:11     | Killed a centaur warrior
 13316 | D:11     | Reached XP level 11. HP: 47/77 MP: 9/15
 14556 | D:11     | Noticed a two-headed ogre
 14566 | D:11     | Killed a two-headed ogre
 14566 | D:11     | Reached ***** piety under Okawaru
 14566 | D:11     | Received a gift from Okawaru
 14639 | D:12     | Noticed a two-headed ogre
 14648 | D:12     | Killed a two-headed ogre
 14649 | D:12     | Reached skill level 5 in Fighting
 14732 | D:12     | Learned a level 3 spell: Tukima's Dance
 14872 | D:12     | Reached skill level 6 in Fighting
 14942 | D:12     | Received a gift from Okawaru
 15491 | D:12     | Reached skill level 7 in Fighting
 15553 | D:12     | Received a gift from Okawaru
 15554 | D:12     | Reached skill level 1 in Stealth
 16108 | D:12     | Learned a level 3 spell: Inner Flame
 16227 | D:12     | Noticed a deep elf pyromancer
 16234 | D:12     | Killed a deep elf pyromancer
 16235 | D:12     | Reached skill level 1 in Fire Magic
 16339 | Lair:1   | Entered Level 1 of the Lair of Beasts
 16339 | Lair:1   | Noticed Fannar
 16355 | D:10     | Killed Fannar
 16568 | D:10     | Received a gift from Okawaru
 17212 | Lair:1   | Reached skill level 5 in Fire Magic
 17230 | Lair:1   | Noticed a seven-headed hydra
 17249 | Lair:1   | Killed a seven-headed hydra
 17250 | Lair:1   | Gained mutation: You sometimes gain power by taking damage.
                  | [demonic ancestry]
 17250 | Lair:1   | Reached XP level 12. HP: 72/91 MP: 6/16
 18651 | Lair:1   | Learned a level 3 spell: Dazzling Flash
 18737 | Lair:1   | Reached skill level 1 in Conjurations
 19449 | Lair:2   | Identified the +10 falchion "Unuzan" {venom, rElec Str+7}
                  | (Okawaru gifted it to you on level 2 of the Lair of Beasts)
 19449 | Lair:2   | Received a gift from Okawaru
 19477 | Lair:2   | Noticed a six-headed hydra
 19487 | Lair:2   | Reached skill level 1 in Long Blades
 19496 | Lair:2   | Killed a six-headed hydra
 19934 | Lair:2   | Reached skill level 5 in Long Blades
 19979 | Lair:2   | Found a staircase to the Shoals.
 20199 | Lair:3   | Found a hole to the Spider Nest.
 20850 | Lair:3   | Noticed a six-headed hydra
 20885 | Lair:3   | Killed a six-headed hydra
 21042 | Lair:3   | Reached XP level 13. HP: 88/96 MP: 17/17
 21812 | Lair:4   | Reached skill level 5 in Dodging
 22177 | Lair:4   | Received a gift from Okawaru
 22251 | Lair:4   | Found the +3 warlock's mirror {reflect}
 22593 | Lair:4   | Found a transporter.
 22594 | Lair:4   | Found a transporter.
 22659 | Lair:4   | Received a gift from Okawaru
 22675 | Lair:4   | Reached skill level 8 in Fighting
 23017 | Lair:4   | Learned a level 4 spell: Passage of Golubria
 24154 | Lair:6   | Entered Level 6 of the Lair of Beasts
 24154 | Lair:6   | Found a viscous altar of Jiyva.
 24278 | Lair:5   | Reached skill level 9 in Fighting
 24572 | Lair:6   | Reached skill level 5 in Spellcasting
 24591 | Lair:6   | Learned a level 3 spell: Swiftness
 25098 | Lair:6   | Noticed Josephine
 25114 | Lair:5   | Reached skill level 10 in Fighting
 25568 | Lair:6   | Killed Josephine
 25839 | Lair:6   | Found a transporter.
 25841 | Lair:6   | Found a staircase to the Slime Pits.
 25860 | Lair:6   | Noticed atabob's ghost (journeyman HOMo)
 25894 | Lair:6   | Found a transporter.
 26113 | Lair:6   | Received a gift from Okawaru
 26148 | Lair:5   | Received a gift from Okawaru
 26201 | Lair:5   | Gained mutation: You are partially covered in sharp spines.
                  | [demonic ancestry]
 26201 | Lair:5   | Reached XP level 14. HP: 78/111 MP: 12/21
 26802 | Lair:5   | Received a gift from Okawaru
 27869 | Lair:6   | Received a gift from Okawaru
 27905 | Lair:6   | Received a gift from Okawaru
 28440 | Lair:6   | Received a gift from Okawaru
 29581 | Orc:1    | Entered Level 1 of the Orcish Mines
 30220 | Orc:1    | Identified the -1 pair of gloves of the Eight Boll Weevils
                  | {-Tele rC+ Str+4} (Okawaru gifted it to you on level 1 of
                  | the Orcish Mines)
 30220 | Orc:1    | Received a gift from Okawaru
 30375 | Orc:1    | Noticed Dootley's ghost (journeyman FoFi)
 30663 | Orc:1    | Found a runed translucent gate.
 30663 | Orc:1    | Found a runed translucent gate.
 30663 | Orc:1    | Found a runed translucent gate.
 31009 | Orc:2    | Entered Level 2 of the Orcish Mines
 31155 | Orc:2    | Found a staircase to the Elven Halls.
 31295 | Orc:2    | Noticed Azrael
 31326 | Orc:2    | Killed Azrael
 31438 | Orc:2    | Reached skill level 5 in Armour
 31793 | Orc:2    | Found Cafuikk's Armour Emporium.
 31793 | Orc:2    | Found Keidgh's Distillery.
 31794 | Orc:2    | Found Nienudd's Antique Armour Shoppe.
 31805 | Orc:2    | Found Otuttif's Armour Shoppe.
 32441 | Orc:1    | Killed Dootley's ghost
 32592 | Orc:2    | Bought a glowing scale mail for 182 gold pieces
 32615 | Orc:2    | Bought the +6 chain mail of Absence {Int+4 Dex+3} for 843
                  | gold pieces
 32835 | D:13     | Gained mutation: You punish those that try to bend your
                  | will. (Will+) [demonic ancestry]
 32835 | D:13     | Reached XP level 15. HP: 64/117 MP: 12/22
 33998 | D:13     | Received a gift from Okawaru
 34496 | D:14     | Reached skill level 10 in Hexes
 34965 | D:14     | Found Efetew Ecic's Self-Improvement Boutique.
 35172 | D:14     | Received a gift from Okawaru
 35432 | D:15     | Entered Level 15 of the Dungeon
 35875 | D:15     | Found a broken altar of Ashenzari.
 35957 | D:15     | Received a gift from Okawaru
 36052 | D:15     | Found a portal to a secret trove of treasure.
 36792 | D:15     | Found a staircase to the Depths.
 37008 | D:15     | Learned a level 2 spell: Ensorcelled Hibernation
 37439 | D:13     | Found a gate to the Vaults.
 37668 | Spider:1 | Entered Level 1 of the Spider Nest
 37668 | Spider:1 | Noticed Jorgrun
 37700 | Spider:1 | Killed Jorgrun
 37700 | Spider:1 | Received a gift from Okawaru
 37813 | Spider:1 | Reached skill level 1 in Poison Magic
 38450 | Spider:1 | Reached XP level 16. HP: 107/124 MP: 14/23
 38461 | Spider:1 | Identified the +6 chain mail "Sosuon" {Will+} (Okawaru
                  | gifted it to you on level 1 of the Spider Nest)
 38461 | Spider:1 | Received a gift from Okawaru
 38667 | Spider:1 | Noticed Agnes
 38689 | Spider:1 | Killed Agnes
 38995 | Spider:2 | Noticed Arachne
 39009 | Spider:1 | Reached skill level 5 in Poison Magic
 40316 | Spider:2 | Reached skill level 1 in Air Magic
 40403 | Spider:2 | Identified Roxanne's Collected Works on Earth
 40403 | Spider:2 | Noticed Roxanne
 41000 | Spider:2 | Killed Arachne
 41001 | Spider:2 | Reached skill level 11 in Fighting
 42245 | Spider:3 | Reached skill level 12 in Fighting
 43975 | Shoals:1 | Entered Level 1 of the Shoals
 44617 | Shoals:1 | Received a gift from Okawaru
 44936 | Shoals:1 | Found a runed translucent gate.
 44936 | Shoals:1 | Found a runed translucent gate.
 44936 | Shoals:1 | Found a runed translucent gate.
 44990 | Shoals:1 | Noticed Goiruwuw's ghost (adept MiGl)
 45381 | Shoals:1 | Received a gift from Okawaru
 45673 | Shoals:1 | Reached skill level 5 in Conjurations
 46323 | Shoals:2 | Gained mutation: You are completely covered in large bone
                  | plates. (SH +8) [demonic ancestry]
 46323 | Shoals:2 | Reached XP level 17. HP: 91/135 MP: 9/24
 46750 | Shoals:2 | Reached skill level 10 in Armour
 46755 | Shoals:2 | Received a gift from Okawaru
 47309 | Shoals:2 | Received a gift from Okawaru
 47693 | Shoals:2 | Found a runed translucent gate.
 47693 | Shoals:2 | Found a runed translucent gate.
 47743 | Shoals:2 | Found a runed translucent gate.
 47748 | Shoals:2 | Noticed Todgh's ghost (adept GrFi)
 47790 | Shoals:2 | Found Adibayhy's Visitors' Centre.
 47795 | Shoals:2 | Found Adibayhy's Merfolk Armours.
 47795 | Shoals:2 | Found Adibayhy's Merfolk Magic.
 47795 | Shoals:2 | Found Adibayhy's Merfolk Weapons.
 47881 | Shoals:2 | Bought the ring "Zargha" {rElec rPois Str-2 SInv} for 435
                  | gold pieces
 47888 | Shoals:2 | Bought 3 silver boomerangs for 58 gold pieces
 47888 | Shoals:2 | Bought a throwing net for 39 gold pieces
 47888 | Shoals:2 | Bought 13 poisoned darts for 67 gold pieces
 47935 | Shoals:2 | Noticed a kraken
 47958 | Shoals:3 | Noticed Ilsuiw
 48180 | Lair:2   | Upgraded the game from 0.27-a0-1500-g450c7e4133 to
                  | 0.27-a0-1502-g47ed6a6988
 48319 | Orc:2    | Bought a potion of haste for 130 gold pieces
 48319 | Orc:2    | Bought a potion of might for 52 gold pieces
 48319 | Orc:2    | Bought a potion of might for 52 gold pieces
 48319 | Orc:2    | Bought a potion of invisibility for 104 gold pieces
 48319 | Orc:2    | Bought a potion of invisibility for 104 gold pieces
 49073 | Shoals:3 | Killed Ilsuiw
 49349 | Shoals:3 | Identified a scroll of acquirement
 49350 | Shoals:3 | Acquired 408 gold pieces
 49748 | Shoals:2 | Learned a level 2 spell: Blink
 50493 | Spider:4 | Entered Level 4 of the Spider Nest
 51206 | Spider:4 | Identified the +10 plate armour "Qiasec" {rCorr SInv
                  | Stlth-}
 51283 | Spider:4 | Received a gift from Okawaru
 51283 | Spider:4 | Noticed Donald
 51294 | Spider:4 | Killed Donald
 51423 | Spider:4 | Received a gift from Okawaru
 51981 | Spider:4 | Reached skill level 5 in Air Magic
 53126 | Spider:4 | Received a gift from Okawaru
 53127 | Spider:4 | Reached skill level 13 in Fighting
 53355 | Spider:4 | Got a gossamer rune of Zot
 53673 | Orc:2    | Bought a potion of curing for 39 gold pieces
 53673 | Orc:2    | Bought a potion of curing for 39 gold pieces
 53673 | Orc:2    | Bought a potion of curing for 39 gold pieces
 53673 | Orc:2    | Bought a potion of curing for 39 gold pieces
 53673 | Orc:2    | Bought a potion of curing for 39 gold pieces
 53855 | Shoals:2 | Received a gift from Okawaru
 53883 | Shoals:2 | Bought a scroll of teleportation for 300 gold pieces
 54049 | Vaults:1 | Entered Level 1 of the Vaults
 54355 | Vaults:1 | Found Oferut's Book Shop.
 54370 | Vaults:1 | Reached skill level 10 in Throwing
 54370 | Vaults:1 | Reached XP level 18. HP: 134/143 MP: 16/25
 54414 | Vaults:1 | Identified the +5 short sword "Lawakoi" {elec, Dex+3}
                  | (Okawaru gifted it to you on level 1 of the Vaults)
 54414 | Vaults:1 | Received a gift from Okawaru
 55919 | Vaults:1 | Received a gift from Okawaru
 56470 | Vaults:1 | Received a gift from Okawaru
 56859 | Vaults:1 | Received a gift from Okawaru
 58487 | Vaults:2 | Received a gift from Okawaru
 58789 | Vaults:2 | Noticed Margery
 58829 | Vaults:2 | Killed Margery
 59316 | Vaults:2 | Gained mutation: You are resistant to unholy torment.
                  | [demonic ancestry]
 59316 | Vaults:2 | Reached XP level 19. HP: 149/149 MP: 26/26
 59640 | Vaults:2 | HP: 6/149 [ironbound frostheart/creeping frost (18)]
 59640 | Vaults:2 | HP: 1/149 [deep troll[an ironbound preserver] (5)]
 59641 | Vaults:2 | Killed from afar by an ironbound frostheart

Illustrated notes

Levels and vault maps discovered:
D:1:      lightli_arrival_flooded_house, layout_loops_corners,
          hellmonk_ecumenical_altar_heavens_door, serial_bayou_pond_b
D:2:      layout_loops_ring, uniq_sigmund, uniq_terence
D:3:      layout_basic, lemuel_doored_altar, nicolae_overflow_crystal_walls,
          nrook_uturn, uniq_ijyb
D:4:      layout_cave_pods, uniq_duvessa, uniq_natasha
D:5:      layout_loops_ring, minmay_temple_entry_nine_rooms, serial_shops,
          kennysheep_mini_moat
D:6:      layout_rooms, grunt_temple_overflow_diamond, serial_aquarium,
          aquarium_bridge_square [aquarium_subvault_bridge,
          aquarium_subvault_bridge, aquarium_subvault_wall,
          aquarium_subvault_wall], aquarium_bridge_straight
          [aquarium_subvault_bridge, aquarium_subvault_balcony,
          aquarium_subvault_bridge, aquarium_subvault_window],
          aquarium_window_fake, aquarium_window_1, aquarium_window_2,
          aquarium_view_2c, aquarium_balcony_3b, aquarium_pool_corner
D:7:      layout_basic, elyvilon_altar_5, amcnicky_altar_gilded
D:8:      layout_rooms, nrook_campfire
D:9:      layout_loops_ring, zombieorc2_lemuel
D:10:     layout_loops_ring, chei_slow_surprise,
          amethyst_overflow_temple_binary, grunt_lair_entry_orc_guard_hut
D:11:     layout_cave_pools
D:12:     layout_irregular_city, serial_column_ruins, column_ruins_grid_1,
          column_ruins_open_tiny, column_ruins_grid_4
D:13:     layout_roguey, grunt_vaults_entry_fortified
D:14:     layout_roguey, nicolae_shop_self_help
D:15:     hangedman_depths_entry_civil_slaughter, layout_stronghold,
          nicolae_trove_entry_columns, ashenzari_altar_1
Lair:1:   layout_hall_layers, grunt_megastairs_3, serial_bayou_shore_b,
          uniq_fannar
Lair:2:   layout_concentric_octagons, elwin_shoals_entry_stream,
          grunt_forest_stairs_basic
Lair:3:   layout_layer_cave, spider_nest_entry_rubble, serial_bayou_shore_a,
          lemuel_fruit_tree, infiniplex_staircase_pool_2, grunt_megastairs_4
Lair:4:   gammafunk_boulding_lane, layout_regular_city
Lair:5:   layout_concentric_octagons, nicolae_volcano_entry_vermiform
Lair:6:   evilmike_catoblepas_cave, layout_misc_corridors, slime_altar_1,
          gammafunk_ghost_berserking_beasts, uniq_josephine
Shoals:1: layout_shoals, ebering_ghost_rock_garden, nicolae_shoals_land_atoll
Shoals:2: nicolae_shoals_mermall, layout_shoals, gammafunk_ghost_tricky_traps
Shoals:3: layout_shoals, portal_ice_cave_entry_ice_simulacra, uniq_ilsuiw
Spider:1: layout_spider_delve, uniq_agnes, uniq_jorgrun
Spider:2: layout_spider_delve, nicolae_spider_bzzzt, uniq_arachne, uniq_roxanne
Spider:3: layout_spider_delve
Spider:4: spider_rune_water, uniq_donald
Orc:1:    layout_caves, basic_altar, gammafunk_ghost_split,
          kennysheep_orc_chapel
Orc:2:    st_orc_mages, layout_diamond_mine, nicolae_orc_rich_vein, uniq_azrael
Vaults:1: nicolae_vaults_specimen_jars, nicolae_vaults_disjoint_gnomons,
          v_alt_pattern_2, st_squares, nicolae_vaults_big_ls, v_misc_13,
          vaults_mumra_hexcomb, vaults_room_grunt_arrival_ludios,
          vaults_room_large_hall, nicolae_vaults_angled_halls,
          hangedman_vaults_corner, layout_vaults_omnibox, serial_shops, shop
Vaults:2: v_misc_22, v_misc_29, hangedman_vaults_nails,
          vaults_room_hangedman_quadrants, ontoclasm_vaults_ligature,
          vaults_dpeg_cross, nicolae_vaults_network_barrier, v_misc_24,
          nicolae_vaults_shelves_hall, serial_ice_b,
          ontoclasm_vaults_decontamination, vaults_room_corners,
          layout_vaults_quadrants, serial_shops, statue_bzr, uniq_margery

Skill      XL: |  1  2  3  4  5  6  7  8  9 10 11 12 13 14 15 16 17 18 |
---------------+-------------------------------------------------------+-----
Short Blades   | 3 4 5 7 9 |  9.8
Invocations    | 4 6 |  6.1
Evocations     | 3 5 7 |  7.2
Fighting       | 3 4 7 10 12 13 | 13.3
Armour         | 3 6 8 9 12 | 12.3
Shields        | 4 |  4.0
Throwing       | 2 5 9 10 12 | 12.8
Hexes          | 6 7 11 | 11.8
Spellcasting   | 2 5 |  5.1
Stealth        | 3 |  3.0
Fire Magic     | 5 6 |  6.0
Conjurations   | 3 5 7 |  7.6
Long Blades    | 6 9 |  9.8
Dodging        | 4 7 9 |  9.0
Poison Magic   | 3 7 |  7.2
Air Magic      | 3 5 |  5.0

Action                   |  1- 3 |  4- 6 |  7- 9 | 10-12 | 13-15 | 16-18 | 19-21 || total
-------------------------+-------+-------+-------+-------+-------+-------+-------++-------
Melee: Rapier            |    96 |    21 |   124 |   202 |       |       |       ||   443
       Headbutt          |     4 |    24 |    94 |   192 |   286 |   379 |     2 ||   981
       Dagger            |       |    94 |   260 |   493 |   208 |    79 |       ||  1134
       Punch             |       |     1 |     1 |       |       |       |       ||     2
       Short sword       |       |       |     9 |    16 |    19 |       |       ||    44
       Falchion          |       |       |       |    74 |   650 |   964 |     7 ||  1695
       Staff             |       |       |       |       |       |    17 |       ||    17
Throw: Throwing net      |       |     3 |       |       |     4 |       |       ||     7
       Stone             |       |       |     6 |       |       |       |       ||     6
       Dart              |       |       |    58 |    17 |   136 |   325 |       ||   536
       Boomerang         |       |       |       |    68 |     8 |    92 |       ||   168
       Javelin           |       |       |       |   137 |   324 |   215 |    32 ||   708
 Cast: Corona            |       |       |       |    61 |    90 |    60 |       ||   211
       Dazzling Flash    |       |       |       |     2 |     2 |    21 |       ||    25
       Inner Flame       |       |       |       |     1 |    11 |     1 |       ||    13
       Tukima's Dance    |       |       |       |       |       |    40 |     1 ||    41
       Mephitic Cloud    |       |       |       |       |       |    66 |     7 ||    73
Invok: Heroism           |     2 |     9 |    14 |    49 |    64 |    38 |     1 ||   177
       Finesse           |       |       |       |     5 |    25 |    14 |     1 ||    45
Evoke: Wand              |       |       |       |    21 |    70 |   109 |       ||   200
       Box of beasts     |       |       |       |     1 |     5 |     9 |     1 ||    16
  Use: Scroll            |       |     7 |     7 |    12 |    14 |    21 |     1 ||    62
       Potion            |       |       |       |     6 |     6 |    31 |     1 ||    44
 Stab: Sleeping          |     1 |       |       |     1 |     1 |       |       ||     3
       Paralysed         |       |       |       |     2 |     2 |     4 |       ||     8
       Invisible         |       |       |       |     1 |     1 |    11 |       ||    13
       Held in net/web   |       |       |       |     1 |       |       |       ||     1
       Petrified         |       |       |       |       |     1 |       |       ||     1
       Confused          |       |       |       |       |       |    28 |       ||    28
       Distracted        |       |       |       |       |       |     2 |       ||     2
Armor: Leather armour    |    38 |       |       |       |       |       |       ||    38
       Chain mail        |       |    39 |   108 |    35 |    75 |   356 |     4 ||   617
       Skin              |       |       |       |    10 |       |       |       ||    10
       Acid dragon scale |       |       |       |    84 |    79 |       |       ||   163
       Ring mail         |       |       |       |       |    23 |    57 |       ||    80
Dodge: Dodged            |    57 |    31 |    66 |   365 |   352 |   587 |     4 ||  1462
Block: Other             |       |    13 |     5 |       |       |       |       ||    18
       Buckler           |       |       |   108 |   400 |   535 |  1110 |    18 ||  2171
       Reflection        |       |       |       |       |    52 |   109 |    11 ||   172
       Rpst.: Falchion   |       |       |       |    13 |    55 |    86 |     1 ||   155

Table legend: (Time is in decaauts)
 A = Elapsed time spent in this place.
 B = Non-inter-level travel time spent in this place.
 C = Inter-level travel time spent in this place.
 D = Time resting spent in this place.
 E = Time spent auto-exploring this place.
 F = Levels seen in this place.
 G = Mean time per level.
                   A        B        C        D        E       F      G
               +--------+--------+--------+--------+--------+-----+--------+
         Total |  58438 |  53519 |   4919 |  17230 |  25790 |  32 | 1826.2 |
       Dungeon |  23055 |  20599 |   2456 |   4996 |  12118 |  15 | 1537.0 |
          Lair |  12404 |  11247 |   1157 |   3622 |   5746 |   6 | 2067.3 |
        Shoals |   5736 |   5307 |    429 |   2505 |   1604 |   3 | 1912.0 |
   Spider Nest |   9076 |   8693 |    383 |   3506 |   3476 |   4 | 2269.0 |
  Orcish Mines |   3217 |   2832 |    385 |    408 |   1530 |   2 | 1608.5 |
        Vaults |   4949 |   4841 |    108 |   2190 |   1314 |   2 | 2474.5 |
               +--------+--------+--------+--------+--------+-----+--------+

Top non-repeatable levels by time:
Vaults:1: 3562 daAuts
  Lair:5: 3458 daAuts
Spider:4: 2902 daAuts
    D:10: 2762 daAuts
Shoals:2: 2632 daAuts
    D:13: 2601 daAuts
Spider:2: 2507 daAuts
  Lair:6: 2441 daAuts
Shoals:1: 2438 daAuts
Spider:1: 2385 daAuts
     D:9: 2219 daAuts
  Lair:1: 2168 daAuts
     D:5: 2002 daAuts
  Lair:3: 1700 daAuts
    D:12: 1684 daAuts
